 Dungeon Crawl Stone Soup version 0.19.0 (webtiles) character file.

4529 PrincessPwny the Blocker (level 10, -6/88 HPs)
             Began as a Minotaur Fighter on Nov 20, 2016.
             Was a Follower of Cheibriados.
             Mangled by Gastronok (33 damage)
             ... on level 9 of the Dungeon.
             The game lasted 00:18:32 (9095 turns).

PrincessPwny the Blocker (Minotaur Fighter)         Turns: 9095, Time: 00:18:33

Health: -6/88      AC: 11    Str: 24    XL:     10   Next: 17%
Magic:  9/9        EV:  7    Int:  8    God:    Cheibriados [*.....]
Gold:   505        SH: 14    Dex: 19    Spells: 0 memorised, 9 levels left

rFire  . . .     SeeInvis .     a - +1 long sword
rCold  . . .     Gourm    .     C - +0 chain mail
rNeg   . . .     Faith    .     c - +1 shield
rPois  .         Spirit   .     (helmet restricted)
rElec  .         Reflect  .     (no cloak)
rCorr  .         Harm     .     (no gloves)
MR     .....                    (no boots)
Stlth  ..........               (no amulet)
                                d - +3 ring of dexterity
                                (no ring)

@: very slow
A: retaliatory headbutt, horns 2
a: Bend Time, Renounce Religion


You were on level 9 of the Dungeon.
You worshipped Cheibriados.
Cheibriados was aware of your devotion.
You were not hungry.

You visited 2 branches of the dungeon, and saw 10 of its levels.
You also visited: Sewer.

You collected 505 gold pieces.

Inventory:

Hand Weapons
 a - a +1 long sword (weapon)
Armour
 b - a +0 scale mail
 c - a +1 shield (worn)
 C - a +0 chain mail (worn)
Jewellery
 d - a +3 ring of dexterity (right hand)
 i - an uncursed ring of positive energy
 o - an uncursed ring of ice
 p - a +2 ring of intelligence
 A - an uncursed ring of magical power
Wands
 y - a wand of disintegration (21/24)
Scrolls
 e - 5 scrolls of identify {@r1}
 j - 3 scrolls of blinking
 m - a scroll of amnesia
 q - a scroll of fog
 t - 5 scrolls of remove curse {@r2}
 v - a scroll of teleportation
 F - a scroll of enchant weapon
Potions
 g - 5 potions of flight
 h - 3 potions of mutation
 n - 4 potions of heal wounds
 r - 5 potions of curing {@q1}
 s - a potion of invisibility
 u - a potion of ambrosia
 w - a potion of cancellation
 D - a potion of agility
 G - a potion of lignification
Comestibles
 f - 5 bread rations
 k - 3 beef jerkies
 l - 4 meat rations
 x - 9 slices of pizza
 B - 3 fruits


   Skills:
 + Level 8.0 Fighting
 * Level 10.5 Long Blades
 + Level 8.3 Armour
 * Level 10.8 Shields


You had 9 spell levels left.
You didn't know any spells.

Dungeon Overview and Level Annotations

Branches:
Dungeon (9/15)             Temple (1/1) D:7
   Lair: D:8-11         Orc: D:9-12

Altars:
Ashenzari
Cheibriados
Dithmenos
Elyvilon
Fedhas
Gozag
Hepliaklqana
Kikubaaqudgha
Makhleb
Nemelex Xobeh
Okawaru
Qazlal
Ru
Sif Muna
Trog
Uskayaw
Vehumet
Xom
Zin
The Shining One

Shops:
D:4 =   D:8 !

Annotations:
D:9 Gastronok


Innate Abilities, Weirdness & Mutations

You reflexively headbutt those who attack you in melee.
You have a pair of horns on your head.


Message History

Gastronok is moderately wounded.
You block Gastronok's attack.
You hit Gastronok. You headbutt Gastronok.
Gastronok is moderately wounded.
You slash Gastronok!
Gastronok is moderately wounded.
Gastronok barely misses you.
You hit Gastronok.
Gastronok is moderately wounded.
You hit Gastronok.
You headbutt Gastronok, but do no damage.
Gastronok is moderately wounded.
Gastronok bites you!!
* * * LOW HITPOINT WARNING * * *
You slash Gastronok! You headbutt Gastronok!
Gastronok is heavily wounded.
You hit Gastronok but do no damage.
Gastronok is heavily wounded.
Gastronok bites you!!
You die...

####### ##########
#...... #........#
#...... #........#
#...... #........#
#...... ######........#
#$.....###.............#
#.....w@†..####.........
#......##### #........#
#...... #######.##
####'## #.# #. #.# # ..#
###


You could see Gastronok.

Vanquished Creatures
  Pikel (D:4)
  A hornet (D:8)
  Grinder (D:5)
  A human (D:8)
  A steam dragon (D:8)
  2 water moccasins
  Duvessa (D:7)
  2 orc warriors
  A sky beast (D:6)
  4 ice beasts
  A black bear (D:7)
  A necrophage (D:8)
  3 ogres
  2 phantoms
  3 centaurs
  A big kobold (Sewer)
  2 bullfrogs (D:7)
  2 scorpions (D:7)
  A water moccasin skeleton (D:5)
  Dowan (D:7)
  6 killer bees (D:9)
  3 crimson imps
  A quasit (D:8)
  3 orc priests
  A bullfrog skeleton (D:6)
  2 hounds
  Jessica (D:3)
  2 iguanas
  11 orc wizards
  2 worker ants
  A hound skeleton (D:6)
  A worker ant zombie (D:7)
  Robin (D:2)
  7 adders
  3 gnolls
  A river rat (Sewer)
  A shadow imp (D:5)
  3 oozes
  An adder zombie (D:5)
  4 worms (D:2)
  5 leopard geckos
  23 orcs
  3 ball pythons (D:3)
  8 bats
  4 giant cockroaches
  17 goblins
  15 hobgoblins
  16 jackals
  14 kobolds
  2 quokkas
  3 frilled lizards
  A quokka skeleton (D:6)
  16 rats
  A bush (D:1)
215 creatures vanquished.

Vanquished Creatures (others)
  A slave (D:4)
  A big kobold (D:7)
  A hound (D:7)
  2 worker ants (D:4)
  An orc (D:7)
  A quokka (D:7)
  A kobold (D:7)
8 creatures vanquished.

Grand Total: 223 creatures vanquished

Notes
Turn   | Place    | Note
-------+----------+-------------------------------------------
     0 | D:1      | PrincessPwny the Minotaur Fighter began the quest for the Orb.
     0 | D:1      | Reached XP level 1. HP: 19/19 MP: 0/0
   289 | D:1      | Reached XP level 2. HP: 25/27 MP: 1/1
   401 | D:1      | HP: 1/27 [jackal (2)]
   743 | D:1      | Reached XP level 3. HP: 33/33 MP: 2/2
  1061 | D:1      | Reached XP level 4. HP: 38/40 MP: 3/3
  1269 | D:2      | Noticed Robin
  1272 | D:2      | Killed Robin
  1559 | D:2      | Reached skill level 5 in Shields
  1779 | D:2      | Reached XP level 5. HP: 44/47 MP: 4/4
  2396 | D:3      | Found a glowing drain.
  2429 | Sewer    | Entered a sewer
  2509 | Sewer    | Found a glowing silver altar of Zin.
  2755 | D:3      | Reached XP level 6. HP: 53/53 MP: 5/5
  2841 | D:3      | Noticed Jessica
  2846 | D:3      | Killed Jessica
  3240 | D:4      | Noticed a slave
  3240 | D:4      | Noticed a slave
  3240 | D:4      | Noticed a slave
  3241 | D:4      | Noticed Pikel
  3243 | D:4      | Noticed a slave
  3257 | D:4      | Killed Pikel
  3257 | D:4      | Reached skill level 5 in Fighting
  3257 | D:4      | Reached skill level 5 in Armour
  3257 | D:4      | Reached XP level 7. HP: 34/61 MP: 6/6
  3805 | D:4      | Found a bloodstained altar of Trog.
  3956 | D:4      | Found Fyuw's Jewellery Emporium.
  3977 | D:5      | Entered Level 5 of the Dungeon
  3990 | D:5      | Found a shadowy altar of Dithmenos.
  4413 | D:5      | Found an iron altar of Okawaru.
  4486 | D:5      | Noticed Grinder
  4495 | D:5      | Reached XP level 8. HP: 58/70 MP: 7/7
  4502 | D:5      | Paralysed by Grinder for 4 turns
  4509 | D:5      | Killed Grinder
  4821 | D:5      | Found a white marble altar of Elyvilon.
  6022 | D:7      | Reached XP level 9. HP: 36/78 MP: 8/8
  6451 | D:7      | Noticed Dowan
  6465 | D:7      | Killed Dowan
  6488 | D:7      | Noticed Duvessa
  6502 | D:7      | Killed Duvessa
  6665 | D:7      | Found a shimmering altar of Xom.
  7350 | D:7      | Found a staircase to the Ecumenical Temple.
  7366 | Temple   | Entered the Ecumenical Temple
  7517 | Temple   | Became a worshipper of Cheibriados the Contemplative
  7672 | D:7      | Reached skill level 10 in Shields
  7843 | D:8      | Found Wanewo's Distillery.
  7916 | D:8      | Reached skill level 10 in Long Blades
  8165 | D:8      | Found a blossoming altar of Fedhas.
  8447 | D:8      | Reached * piety under Cheibriados
  8447 | D:8      | Reached XP level 10. HP: 53/88 MP: 9/9
  9079 | D:9      | Noticed Gastronok
  9095 | D:9      | Mangled by Gastronok

Skill      XL: |  1  2  3  4  5  6  7  8  9 10 |
---------------+-------------------------------+-----
Shields        | 4 5 6 7 8 10 | 10.8
Armour         | 4 5 6 8 |  8.3
Fighting       | 4 5 6 7 8 |  8.0
Long Blades    | 3 4 6 8 10 | 10.5

Action                   |  1- 3 |  4- 6 |  7- 9 | 10-12 || total
-------------------------+-------+-------+-------+-------++-------
Melee: Long sword        |   146 |   177 |   371 |    60 ||   754
       Headbutt          |    38 |    31 |    93 |    13 ||   175
  Use: Scroll            |       |     9 |    12 |       ||    21
       Potion            |       |     2 |     1 |       ||     3
  Eat: Chunk             |     1 |     3 |     8 |     1 ||    13
       Bread ration      |       |     1 |     1 |       ||     2
       Fruit             |       |       |     6 |       ||     6
Armor: Scale mail        |    52 |    79 |    43 |       ||   174
       Chain mail        |       |       |    83 |    24 ||   107
Dodge: Dodged            |    39 |    48 |    78 |    16 ||   181
Block: Shield            |    50 |   106 |   210 |    55 ||   421
       Rpst.: Long sword |    15 |     9 |    19 |     1 ||    44
